 Seeded DCSS version 0.28.0-53-g5a82cb258f (webtiles) character file.

Game seed: 10077074884737061911 (custom seed)

7 Sanktem7 the Skirmisher (level 1, -2/20 HPs)
             Began as a Minotaur Fighter on June 28, 2022.
             Slain by a kobold
             ... wielding a +0 short sword
              (5 damage)
             ... on level 1 of the Dungeon.
             The game lasted 00:00:32 (227 turns).

Sanktem7 the Skirmisher (Minotaur Fighter)           Turns: 227, Time: 00:00:33

Health: -2/20      AC:  6    Str: 20    XL:     1   Next: 83%
Magic:  0/0        EV:  9    Int:  5    God:
Gold:   10         SH:  4    Dex:  9    Spells: 0/0 levels left

rFire   . . .      SeeInvis .   a - +0 flail {mace}
rCold   . . .      Faith    .   c - +0 buckler
rNeg    . . .      Spirit   .   b - +0 scale mail
rPois   .          Reflect  .   (helmet restricted)
rElec   .          Harm     .   (no cloak)
rCorr   .          Rampage  .   (no gloves)
Will    .....                   (no boots)
Stlth   ..........              (no amulet)
HPRegen 0.06/turn               (no ring)
MPRegen 0.07/turn               (no ring)

@: no status effects
A: horns 2, retaliatory headbutt
a: no special abilities


You were on level 1 of the Dungeon.
You visited 1 branch of the dungeon, and saw 1 of its levels.

You collected 10 gold pieces.


Innate Abilities, Weirdness & Mutations

You have a pair of horns on your head.
You reflexively headbutt those who attack you in melee.


   Skills:
 * Level 3.9 Fighting
 * Level 2.8 Maces & Flails
 - Level 3.6 Armour
 - Level 3.6 Shields


You couldn't memorise any spells.
You didn't know any spells.
Your spell library was empty.

Inventory:

Hand Weapons
 a - a +0 flail (weapon) {mace}
Missiles
 e - 19 stones (quivered) {throwing}
 f - 11 arrows
Armour
 b - a +0 scale mail (worn)
 c - a +0 buckler (worn)
Scrolls
 h - a scroll of magic mapping {unknown}
 i - 3 scrolls of acquirement {unknown}
Potions
 d - a potion of might
 g - a potion of brilliance {unknown}
 j - a potion of flight {unknown}

Dungeon Overview and Level Annotations

Branches:
Dungeon (1/15)

Altars:

#.. ##.# ........#.#
##.# ........#.# ##.#
........#.# ##.###.
........#.# ####
.....#.#
........#.##....#
.......# ........#...
.. .#.#..##
.......K#.##.## .#.#..#
.......@......# .#.#..#
#+#######.###.#
.>..>.####.#######.#
.#.#..#............#
...#[.#.###.#####..#
.###....# #.# #.#...#
........###.#####.###.#
...........)........ ..
#########.##........ ..


You could see a kobold.


Message History

No target in view!
Found an escape hatch in the floor.
e - 19 stones {throwing} A frilled lizard comes into view.
The frilled lizard hisses angrily.
A frilled lizard is nearby!
The frilled lizard closely misses you.
You barely miss the frilled lizard.
Your headbutt misses the frilled lizard.
The frilled lizard bites you but does no damage.
You miss the frilled lizard. You headbutt the frilled lizard.
You kill the frilled lizard!
No target in view!
No target in view!
No target in view!
No target in view!
No target in view!
f - 11 arrows
g - a glowing orange potion You open the door.
There is an open door here.
A goblin comes into view. It is wielding a +0 dagger.
A goblin is nearby!
You closely miss the goblin. Your headbutt misses the goblin.
The goblin hits you but does no damage.
You thump the goblin!
You kill the goblin!
No target in view!
No target in view!
No target in view!
No target in view!
No target in view!
Things that are here:
a +0 dagger {short}; a goblin corpse
Found a stone staircase leading down.
No target in view!
No target in view!
No target in view!
No target in view!
Unknown command.
Found a stone staircase leading down.
h - a scroll labelled XUOTSU TADOO You see here a +0 leather armour.
i - 3 scrolls labelled ETINUTWYIVUU You open the door.
Found a stone staircase leading down.
There is an open door here.
There is a stone staircase leading down here.
You now have 10 gold pieces.
j - a smoky coppery potion A kobold comes into view.
It is wielding a +0 short sword.
The kobold shouts!
The kobold moves out of view.
A rat and 2 endoplasms come into view.
The endoplasm quivers.
The endoplasm moves out of view.
You barely miss the endoplasm. The endoplasm freezes you.
You are frozen. 😕 HP[-3]
You take 3 damage, and now have 17/20 hp.
You sock the endoplasm!
You kill the endoplasm!
The rat closely misses you.
The kobold hits you with a +0 short sword. 😮 HP[-4]
You take 4 damage, and now have 13/20 hp.
You are too injured to fight recklessly!
You are too injured to fight recklessly!
You are too injured to fight recklessly!
You are too injured to fight recklessly!
You are too injured to fight recklessly!
You are too injured to fight recklessly!
You are too injured to fight recklessly!
You are too injured to fight recklessly!
You are too injured to fight recklessly!
You are too injured to fight recklessly!
You barely miss the rat. The rat barely misses you. You furiously retaliate!
You headbutt the rat!
You kill the rat!
The kobold hits you with a +0 short sword.
* * * LOW HITPOINT WARNING * * *
😨 HP[-3]
You take 3 damage, and now have 10/20 hp.
The kobold hits you with a +0 short sword.
* * * LOW HITPOINT WARNING * * *
The endoplasm freezes you.
You are frozen.
* * * LOW HITPOINT WARNING * * *
You see here a rat corpse. 😱 HP[-7]
You take 7 damage, and now have 3/20 hp.
MASSIVE DAMAGE!! (PAUSE)
You sock the endoplasm!
You kill the endoplasm!
You block the kobold's attack. The kobold closely misses you.
You hit the kobold but do no damage. The kobold barely misses you.
You hit the kobold but do no damage.
The kobold hits you with a +0 short sword.
You die...

Action                   || total
-------------------------++-------
Melee: Flail             ||    12
       Headbutt          ||     1
Armor: Scale mail        ||     3
Dodge: Dodged            ||     5
Block: Buckler           ||     1

Levels and vault maps discovered:
D:1:      erik_arrival_blinker_ship, layout_basic

Notes
Turn   | Place    | Note
-------+----------+-------------------------------------------
     0 | D:1      | Sanktem7 the Minotaur Fighter began the quest for the Orb.
     0 | D:1      | Reached XP level 1. HP: 19/19 MP: 0/0
     0 | D:1      | magus.rc [v1.9.6]
   224 | D:1      | HP: 3/20 [frozen (5)]
   227 | D:1      | Slain by a kobold

Vanquished Creatures
  2 endoplasms (D:1)
  A giant cockroach (D:1)
  A goblin (D:1)
  A frilled lizard (D:1)
  A rat (D:1)
6 creatures vanquished.

Table legend:
 A = Non-vault XP
 B = Vault XP
 C = Vault XP percentage of total XP
 D = Non-vault monster count
 E = Vault monster count
 F = Vault count percentage of total count
                 A         B        C        D         E       F
            +---------+---------+-------+---------+---------+-------
      Total |      10 |       0 |   0.0 |       6 |       0 |   0.0
            +---------+---------+-------+---------+---------+-------
        D:1 |      10 |       0 |   0.0 |       6 |       0 |   0.0
            +---------+---------+-------+---------+---------+-------

Illustrated notes

Table legend:
 A = Kills in this place as a percentage of kills in entire the game.
 B = Kills by you in this place as a percentage of kills by you in the entire game.
 C = Kills by friends in this place as a percentage of kills by friends in the entire game.
 D = Other kills in this place as a percentage of other kills in the entire game.
 E = Experience gained in this place as a percentage of experience gained in the entire game.
 F = Experience gained in this place divided by the number of levels of this place that you have seen.
                   A       B       C       D       E      F
               +-------+-------+-------+-------+-------+----------------------
         Total | 100.0 | 100.0 |   N/A |   N/A | 100.0 |  10.0
       Dungeon | 100.0 | 100.0 |   N/A |   N/A | 100.0 |  10.0
               +-------+-------+-------+-------+-------+----------------------

Table legend: (Time is in decaauts)
 A = Elapsed time spent in this place.
 B = Non-inter-level travel time spent in this place.
 C = Inter-level travel time spent in this place.
 D = Time resting spent in this place.
 E = Time spent auto-exploring this place.
 F = Levels seen in this place.
 G = Mean time per level.
                   A        B        C        D        E       F      G
               +--------+--------+--------+--------+--------+-----+--------+
         Total |    230 |    230 |      0 |      0 |    196 |   1 |  230.0 |
       Dungeon |    230 |    230 |      0 |      0 |    196 |   1 |  230.0 |
               +--------+--------+--------+--------+--------+-----+--------+

Top non-repeatable levels by time:
     D:1: 230 daAuts
